Map: Dämmertürme

Players

MtdGun

  • Race: Zerg Zerg
  • League: Silver

VBPreina - Winner!

  • Race: Zerg Zerg
  • League: Platinum

VOD

Have the link to the VOD?

Description

Time

  • Played on: Dec. 8, 2015, 1:01 p.m.
  • Length: 10:14
Show
View Real Time Build Order
Export as new Build Order

MtdGun Zerg 

Build Orders: Hatch First 

Get SALT Encoding   

  12  0:01  Drone  
  13  0:12  Overlord  
  13  0:17  Drone  
  14  0:30  Drone x2  
  14  0:34  Drone  
  17  0:53  Hatchery  
  16  0:59  Drone  
  16  1:00  Drone  
  18  1:13  Spawning Pool  
  18  1:15  Drone  
  18  1:19  Drone  
  19  1:28  Drone  
  20  1:40  Drone  
  21  1:50  Overlord  
  21  2:04  Queen  
  21  2:05  Queen  
  21  2:07  Drone, Zergling x2  
  27  2:13  Zergling x2  
  28  2:16  Drone  
  29  2:24  Spine Crawler  
  28  2:36  Drone  
  28  2:37  Drone x2  
  31  2:45  Queen x2  
  31  2:46  Overlord  
  31  2:47  Drone  
  36  2:55  Overlord  
  36  2:56  Overlord  
  36  3:12  Evolution Chamber  
  35  3:14  Spine Crawler  
  34  3:22  Overlord  
  34  3:23  Drone x8  
  39  3:38  Overlord, Drone  
  39  3:39  Drone  
  41  3:45  Extractor  
  41  3:47  Extractor  
  39  3:50  Extractor  
  39  3:51  Drone x2  
  40  3:56  Extractor  
  40  3:58  Roach Warren  
  34  4:12  Zergling x12  
  34  4:13  Zergling x4  
  40  4:39  Roach x4  
  48  4:55  Roach x3  
  54  5:06  Hatchery  
  53  5:14  Lair  
  53  5:19  Roach  
  53  6:02  Overlord  
  53  6:04  Drone x5  
  57  6:11  Queen  
  57  6:12  Glial Reconstitution  
  57  6:14  Zerg Missile Weapons Level 1  
  57  6:16  Roach  
  61  6:28  Roach  
  63  6:34  Drone x2  
  63  6:35  Drone  
  63  6:38  Drone x2  
  63  6:39  Queen  
  70  6:59  Spore Crawler  
  70  7:00  Spore Crawler  
  68  7:02  Spore Crawler x2, Hydralisk Den  
  65  7:11  Overlord  
  65  7:14  Overlord x4  
  65  7:15  Overlord  
  65  7:25  Overlord  
  64  7:35  Hydralisk  
  64  7:36  Hydralisk x3  
  69  7:42  Extractor  
  55  7:52  Drone x2  
  55  7:55  Overlord  
  55  7:56  Drone x5  
  54  8:05  Drone x2  
  54  8:06  Queen  
  54  8:10  Drone  
  58  8:18  Drone  
  59  8:32  Zergling x12  
  65  8:40  Hydralisk  
  67  8:50  Hydralisk x2  
  71  8:59  Overlord, Drone  
  72  9:04  Drone  
  73  9:11  Drone  
  74  9:18  Hatchery  
  71  9:28  Overlord  
  71  9:29  Hydralisk  
  71  9:30  Hydralisk x3  
  79  9:36  Drone x3  
  82  9:41  Drone  
  83  9:54  Drone x2  
Show
View Real Time Build Order
Export as new Build Order

VBPreina Zerg - Winner!

Build Orders: Hatch First 

Get SALT Encoding   

  12  0:07  Overlord  
  12  0:12  Drone  
  13  0:17  Drone  
  14  0:28  Drone  
  15  0:30  Drone  
  16  0:41  Drone  
  17  0:52  Hatchery  
  17  0:55  Drone  
  17  0:59  Extractor  
  17  1:02  Drone  
  17  1:13  Drone  
  18  1:19  Spawning Pool  
  17  1:26  Drone  
  18  1:35  Overlord  
  18  1:45  Drone  
  19  2:06  Queen x2  
  19  2:07  Zergling x2  
  19  2:08  Zergling x4  
  26  2:10  Metabolic Boost  
  26  2:17  Drone  
  27  2:26  Drone  
  28  2:31  Zergling x4  
  30  2:37  Zergling x2  
  31  2:48  Overlord  
  31  2:49  Overlord  
  31  3:03  Drone  
  32  3:10  Hatchery  
  30  3:19  Zergling x2  
  31  3:20  Zergling x14  
  36  3:29  Lair  
  36  3:30  Drone  
  36  3:34  Drone x2  
  39  3:42  Drone x2  
  39  3:43  Drone  
  42  3:54  Drone  
  42  3:55  Drone x4  
  46  4:03  Drone  
  46  4:04  Drone x2  
  46  4:05  Drone  
  48  4:17  Drone x2  
  48  4:28  Drone x3, Extractor  
  48  4:29  Drone x3, Extractor  
  52  4:35  Zergling x2  
  52  4:36  Zergling x2  
  54  4:39  Queen  
  52  4:58  Drone x5  
  52  4:59  Spire  
  56  5:00  Zergling x2  
  56  5:02  Overlord x3  
  57  5:09  Overlord, Extractor  
  56  5:20  Drone x2  
  56  5:21  Drone  
  59  5:25  Zergling x12  
  59  5:26  Zergling x2  
  66  5:33  Drone x2  
  68  5:36  Zergling x8  
  72  6:00  Overlord  
  69  6:09  Overlord x2  
  69  6:11  Mutalisk x7  
  83  6:20  Drone x3, Extractor  
  83  6:21  Drone x2, Extractor  
  83  6:23  Drone  
  87  6:31  Drone x2  
  89  6:32  Mutalisk  
  89  6:33  Mutalisk  
  93  6:40  Mutalisk  
  95  6:50  Zerg Flyer Armor Level 1  
  96  6:54  Zergling x4  
  96  6:55  Zergling x12  
  103  7:07  Evolution Chamber, Drone x5  
  103  7:08  Drone x4  
  110  7:09  Evolution Chamber, Drone  
  110  7:13  Overlord  
  111  7:18  Drone  
  111  7:20  Baneling Nest  
  111  7:35  Zergling x8  
  111  7:36  Zergling x14  
  118  7:46  Zerg Ground Armor Level 1, Zerg Melee Weapons Level 1  
  104  7:51  Mutalisk  
  104  7:52  Mutalisk x4  
  95  8:06  Zergling x2  
  95  8:07  Zergling x8  
  95  8:08  Zergling x2  
  101  8:16  Drone x4  
  101  8:17  Drone  
  106  8:22  Infestation Pit  
  105  8:29  Mutalisk  
  107  8:40  Hatchery  
  106  8:43  Mutalisk x7  
  120  9:01  Drone  
  121  9:03  Overlord x4  
  121  9:04  Overlord x2  
  121  9:19  Baneling x13  
  121  9:20  Baneling  
  121  9:26  Overseer  
  121  9:34  Extractor  
  121  9:35  Hatchery  
  121  9:38  Extractor  
  118  9:39  Drone x2  
Tags
 
Add a new tag
Caveats
  • Supply blocks, unpowered buildings, or Contaminate may cause inaccurate times.
  • Supply counts are checked every 10 seconds.